 Dungeon Crawl Stone Soup version 0.20.1-1-g8b1a95d (webtiles) character file.

39 slep the Skirmisher (level 3, -2/29 HPs)
             Began as a Demonspawn Abyssal Knight on Oct 24, 2017.
             Was a Follower of Lugonu.
             Slain by an adder (4 damage)
             ... on level 2 of the Dungeon.
             The game lasted 00:04:22 (1149 turns).

slep the Skirmisher (Demonspawn Abyssal Knight)     Turns: 1149, Time: 00:04:22

Health: -2/29      AC:  3    Str: 12    XL:     3   Next: 26%
Magic:  0/4        EV:  7    Int: 13    God:    Lugonu [*.....]
Gold:   47         SH:  0    Dex: 13    Spells: 2/2 levels left

rFire    . . .     SeeInvis .   a - +1 spear
rCold    . . .     Gourm    .   (no shield)
rNeg     . . .     Faith    .   b - +0 leather armour
rPois    .         Spirit   +   (no helmet)
rElec    .         Reflect  .   (no cloak)
rCorr    .         Harm     .   (no gloves)
MR       .....                  (no boots)
Stlth    +.........             (no amulet)
Regen    0.1/turn               g - -4 ring of evasion (curse)
MPRegen  0.1/turn               (no ring)

@: lethally poisoned (-2 -> -10)
A: claws 1, magic shield
a: Depart the Abyss, Renounce Religion


You were on level 2 of the Dungeon.
You worshipped Lugonu.
Lugonu was aware of your devotion.
You were hungry.

You visited 1 branch of the dungeon, and saw 2 of its levels.
You visited the Abyss 1 time.

You collected 47 gold pieces.

Inventory:

Hand Weapons
 a - a +1 spear (weapon)
Armour
 b - a +0 leather armour (worn)
Jewellery
 g - a cursed -4 ring of evasion (left claw)
 h - an uncursed ring of magical power {unknown}
Scrolls
 e - 2 scrolls of identify {unknown}
 i - a scroll of fear {unknown}
 l - a scroll of amnesia {unknown}
Potions
 j - a potion of cancellation {unknown}
 k - a potion of curing {unknown}
Comestibles
 c - 3 bread rations
 d - 11 fruits
 f - 2 meat rations


   Skills:
 + Level 3.6 Fighting
 + Level 2.1 Polearms
 + Level 1.9 Armour
 + Level 1.4 Dodging
 + Level 0.2 Stealth
 + Level 2.6 Invocations


You had 2 spell levels left.
You didn't know any spells.

Dungeon Overview and Level Annotations

Branches:
Dungeon (2/15)

Altars:


Innate Abilities, Weirdness & Mutations

You have sharp fingernails.
When hurt, damage is shared between your health and your magic reserves.


Message History

The giant cockroach completely misses you.
* * * LOW HITPOINT WARNING * * *
You feel sick.
* * * LOW HITPOINT WARNING * * *
You feel sick.
* * * LOW HITPOINT WARNING * * *
You feel sick.
The giant cockroach bites you but does no damage.
The adder closely misses you.
You open the large door.
* * * LOW HITPOINT WARNING * * *
You feel sick. The giant cockroach barely misses you.
The adder barely misses you.
* * * LOW HITPOINT WARNING * * *
You feel sick. The giant cockroach bites you.
* * * LOW HITPOINT WARNING * * *
There is a large open door here.
* * * LOW HITPOINT WARNING * * *
You feel sick. The adder bites you.
You die...

######.##.###
#...........#
#.#####.#.#.#
.#...###...#.#
...........#.#
...#....#..#.# .
#..<.+..#+######..
#....##...........
#....@Ss..........
#....##r........<.
#....##...........
#....##.#.........
#+### #...........
#..%........
#...........
#...........
#...........


You could see an adder, a giant cockroach and a rat.

Vanquished Creatures
  A gnoll (D:1)
  An ooze (D:1)
  2 dart slugs (D:1)
  A leopard gecko (D:1)
  4 goblins (D:1)
  A hobgoblin (D:1)
  4 jackals (D:1)
  2 frilled lizards (D:1)
  2 kobolds
  2 rats
20 creatures vanquished.

Notes
Turn   | Place    | Note
-------+----------+-------------------------------------------
     0 | Abyss:1  | slep the Demonspawn Abyssal Knight began the quest for the Orb.
     0 | Abyss:1  | Reached XP level 1. HP: 18/18 MP: 2/2
    24 | Abyss:1  | Noticed a small abomination
    25 | D:1      | Escaped the Abyss
   102 | D:1      | Gained mutation: When hurt, damage is shared between your health and your magic reserves. [demonic ancestry]
   102 | D:1      | Reached XP level 2. HP: 10/24 MP: 3/3
   108 | D:1      | Reached skill level 1 in Dodging
   113 | D:1      | HP: 1/24 [dart slug/slug dart (4)]
   479 | D:1      | Reached * piety under Lugonu
   729 | D:1      | Gained mutation: You have sharp fingernails. [demonic ancestry]
   729 | D:1      | Reached XP level 3. HP: 18/29 MP: 2/4
  1149 | D:2      | Slain by an adder

Skill      XL: |  1  2 |
---------------+-------+-----
Dodging        | 1 |  1.4
Polearms       | 2 |  2.1
Fighting       | |  3.6
Armour         | |  1.9
Stealth        | |  0.2
Invocations    | |  2.6

Action                   || total
-------------------------++-------
Melee: Spear             ||    95
Invok: Depart the Abyss  ||     1
Armor: Leather armour    ||    24
Dodge: Dodged            ||    49
